 Dungeon Crawl Stone Soup version 0.28-a0-932-g843f935a50 (webtiles) character file.

Game seed: 1184089633957467152

130 Peloso the Covered (level 4, 0/41 HPs)
             Began as a Minotaur Fighter on Nov 27, 2021.
             Slain by Grinder (2 damage)
             ... on level 3 of the Dungeon.
             The game lasted 00:03:41 (2462 turns).

Peloso the Covered (Minotaur Fighter)               Turns: 2462, Time: 00:03:42

Health: 0/41       AC:  7    Str: 20    XL:     4   Next: 90%
Magic:  0/3        EV: 10    Int:  5    God:
Gold:   70         SH:  4    Dex: 11    Spells: 3/3 levels left

rFire   . . .      SeeInvis .   a - +0 long sword
rCold   . . .      Faith    .   c - +0 buckler
rNeg    . . .      Spirit   +   b - +0 scale mail
rPois   .          Reflect  .   (helmet restricted)
rElec   .          Harm     .   (no cloak)
rCorr   .          Rampage  .   (no gloves)
Will    .....                   (no boots)
Stlth   ..........              h - amulet of guardian spirit
HPRegen 0.13/turn               (no ring)
MPRegen 0.08/turn               (no ring)

@: no status effects
A: horns 2, retaliatory headbutt
a: no special abilities


You were on level 3 of the Dungeon.
You visited 1 branch of the dungeon, and saw 3 of its levels.

You collected 70 gold pieces.

Inventory:

Hand Weapons
 a - a +0 long sword (weapon)
Missiles
 j - 2 throwing nets (quivered)
Armour
 b - a +0 scale mail (worn)
 c - a +0 buckler (worn)
Jewellery
 h - an amulet of guardian spirit (around neck)
 l - a ring of ice
 m - an amulet of magic regeneration
Scrolls
 e - a scroll of fear {unknown}
 g - 2 scrolls of enchant weapon {unknown}
 i - 2 scrolls of identify {unknown}
Potions
 d - 2 potions of might
 f - 2 potions of curing {unknown}
 k - a potion of invisibility {unknown}


   Skills:
 + Level 4.4 Fighting
 + Level 3.4 Long Blades
 + Level 4.8 Armour
 + Level 1.5 Dodging
 + Level 4.3 Shields


You had 3 spell levels left.
You didn't know any spells.
Your spell library contained the following spells:

 Spells                   Type           Power      Damage    Failure   Level
 Portal Projectile        Hex/Tloc       0%         N/A       99%         3
 Blade Hands              Tmut           0%         N/A       100%        5
 Excruciating Wounds      Necr           0%         N/A       100%        5


Dungeon Overview and Level Annotations

Branches:
Dungeon (3/15)

Altars:

Shops:
D:3 :

Annotations:
D:3 Grinder


Innate Abilities, Weirdness & Mutations

You have a pair of horns on your head.
You reflexively headbutt those who attack you in melee.


Message History

Grinder is lightly wounded.
Grinder hits you.
Unknown command.
You barely miss Grinder.
Grinder is lightly wounded.
You block Grinder's attack. Grinder hits you but does no damage.
You closely miss Grinder. You headbutt Grinder!
Grinder is moderately wounded.
Grinder barely misses you.
You slash Grinder! Your headbutt misses Grinder.
Grinder is heavily wounded.
Grinder hits you but does no damage.
You hit Grinder.
Grinder is severely wounded.
Grinder hits you!
You writhe in agony.
You slash Grinder!
Grinder is almost dead.
Grinder closely misses you. You furiously retaliate!
You headbutt Grinder, but do no damage.
Grinder blinks!
Things that are here:
a +0 dagger; a kobold corpse You aren't carrying any items that you can evoke.
Unknown command.
Grinder gestures at you. Pain shoots through your body!
* * * LOW HITPOINT WARNING * * *
You barely miss Grinder. You headbutt Grinder!
Grinder is almost dead.
Grinder gestures at you.
You barely resist. You closely miss Grinder. Your headbutt misses Grinder.
Grinder is almost dead.
Grinder hits you.
* * * LOW HITPOINT WARNING * * *
You barely miss Grinder. Your headbutt misses Grinder.
Grinder is almost dead.
Grinder hits you.
* * * LOW HITPOINT WARNING * * *
You writhe in agony.
You die...

#...##.#. #...##.#.
#...##.#. # #####
#...##.#. .. #...#
#.......# ... #...#
#...##### ....
#...######...##### .....
#................#
......###@...............#
.......)5.............[..#
.##########......######+##
#......# #........
#####..... #..(.. #......


You could see Grinder.

Vanquished Creatures
  4 gnolls
  4 adders
  A worm (D:2)
  A dart slug (D:1)
  11 bats
  5 endoplasms
  3 goblins
  2 hobgoblins (D:1)
  7 kobolds
  8 ball pythons
  2 frilled lizards (D:1)
  3 rats
51 creatures vanquished.

Vanquished Creatures (others)
  2 plants (D:2)
2 creatures vanquished.

Grand Total: 53 creatures vanquished

Notes
Turn   | Place    | Note
-------+----------+-------------------------------------------
     0 | D:1      | Peloso the Minotaur Fighter began the quest for the Orb.
     0 | D:1      | Reached XP level 1. HP: 19/19 MP: 0/0
   115 | D:1      | Reached XP level 2. HP: 21/27 MP: 1/1
   855 | D:2      | Reached XP level 3. HP: 9/33 MP: 2/2
  1323 | D:1      | Reached XP level 4. HP: 12/40 MP: 1/3
  1546 | D:2      | Reached skill level 1 in Dodging
  2261 | D:3      | Found a faded altar of an unknown god.
  2277 | D:3      | Found Veh Veisk's Book Boutique.
  2428 | D:3      | Noticed Grinder
  2439 | D:3      | Paralysed by Grinder for 5 turns
  2462 | D:3      | HP: 2/41 [Grinder (5)]
  2462 | D:3      | Slain by Grinder

Illustrated notes

Levels and vault maps discovered:
D:1:      evilmike_arrival_hilbert_curve, layout_basic
D:2:      layout_basic, minmay_shallow_snake_nest
D:3:      layout_basic, shapermc_ecumenical_altar_totnotflames, serial_shops,
          nicolae_square_shop, shop, nicolae_shop_trees,
          nicolae_shop_window_shopping, minmay_misc_feat_diagonals,
          uniq_terence, uniq_grinder, uniq_jessica

Skill      XL: |  1  2  3  4 |
---------------+-------------+-----
Shields        | 4 |  4.3
Fighting       | 4 |  4.4
Armour         | 4 |  4.8
Long Blades    | 3 |  3.4
Dodging        | 1 |  1.5

Action                   |  1- 3 |  4- 6 || total
-------------------------+-------+-------++-------
Melee: Long sword        |    77 |    51 ||   128
       Headbutt          |    12 |     6 ||    18
Armor: Scale mail        |    56 |    25 ||    81
Dodge: Dodged            |    48 |    20 ||    68
Block: Buckler           |    22 |    11 ||    33

Table legend: (Time is in decaauts)
 A = Elapsed time spent in this place.
 B = Non-inter-level travel time spent in this place.
 C = Inter-level travel time spent in this place.
 D = Time resting spent in this place.
 E = Time spent auto-exploring this place.
 F = Levels seen in this place.
 G = Mean time per level.
                   A        B        C        D        E       F      G
               +--------+--------+--------+--------+--------+-----+--------+
         Total |   2494 |   2441 |     53 |    421 |   1618 |   3 |  831.3 |
       Dungeon |   2494 |   2441 |     53 |    421 |   1618 |   3 |  831.3 |
               +--------+--------+--------+--------+--------+-----+--------+

Top non-repeatable levels by time:
     D:2: 1205 daAuts
     D:1: 1073 daAuts
     D:3: 216 daAuts
